 Dungeon Crawl Stone Soup version 0.32-a0-128-g77eb882913 (webtiles) character file.

Game seed: 3597406724701327797

166086 Gargoyl the Severer (level 17, 0/116 HPs)
             Began as a Gargoyle Berserker on Feb 8, 2024.
             Was an Elder of Trog.
             Shot with an arrow by a naga sharpshooter (13 damage)
             ... on level 4 of the Snake Pit.
             The game lasted 00:51:20 (30202 turns).

Gargoyl the Severer (Gargoyle Berserker)           Turns: 30202, Time: 00:51:21

Health: 0/116      AC: 38    Str: 23    XL:     17   Next: 89%
Magic:  17/17      EV: 16    Int:  8    God:    Trog [****..]
Gold:   1186       SH:  0    Dex: 15    Spells: 16/16 levels left

rFire   + + .        N - +9 hand axe (venom)
rCold   + . .        w - +2 buckler {rF+}
rNeg    + . .        I - +2 scale mail
rPois   ∞            p - +2 helmet
rElec   +            T - +2 cloak {rF+}
rCorr   .            d - +2 pair of gloves
SInv    .            s - +2 pair of boots
Will    +....        t - amulet of reflection Stlth
                     b - +5 ring of evasion
HPRegen 0.39/turn    G - ring of protection from cold
MPRegen 0.15/turn

%: reflection
@: confused, about to teleport, ambrosia-drunk, flying, constricted
A: sickness immunity, AC +12, big wings, negative energy resistance 1,
electricity resistance, torment resistance 1, petrification resistance
a: Renounce Religion, Berserk, Trog's Hand, Brothers in Arms


You were on level 4 of the Snake Pit.
You worshipped Trog.
Trog was greatly pleased with you.
You visited 4 branches of the dungeon, and saw 26 of its levels.
You visited the Abyss 1 time.
You visited 1 bazaar.
You also visited: Ice Cave and Volcano.

You collected 3046 gold pieces.
You spent 1860 gold pieces at shops.

Inventory:

Hand Weapons
 r - a +1 flail of distortion
 N - a +9 hand axe of venom (weapon)
 R - a +4 broad axe of chaos
 S - a +2 broad axe of flaming
Missiles
 y - 2 curare-tipped darts
 A - 49 poisoned darts (quivered)
Armour
 d - a +2 pair of gloves (worn)
 p - a +2 helmet (worn)
 s - a +2 pair of boots (worn)
 w - a +2 buckler of fire resistance (worn)
 I - a +2 scale mail (worn)
 T - a +2 cloak of fire resistance (worn)
Jewellery
 b - a +5 ring of evasion (left hand)
 c - a +6 ring of strength
 t - an amulet of reflection (around neck)
 G - a ring of protection from cold (right hand)
 K - an amulet of faith
Wands
 i - a wand of iceblast (19)
 k - a wand of flame (42)
 q - a wand of mindburst (21)
 v - a wand of charming (42)
 x - a wand of light (10)
 M - a wand of digging (9)
Scrolls
 e - a scroll of immolation
 j - 2 scrolls of identify
 m - 3 scrolls of fog
 o - 3 scrolls of vulnerability
 u - 4 scrolls of teleportation
 C - 5 scrolls of poison
 L - 5 scrolls of fear
 O - a scroll of revelation
Potions
 a - 4 potions of haste
 f - 3 potions of magic
 h - 4 potions of mutation
 l - a potion of cancellation
 n - 7 potions of might
 z - 9 potions of ambrosia
 B - 2 potions of curing
 D - 4 potions of resistance
 E - 2 potions of lignification
 F - 2 potions of invisibility
 P - 2 potions of enlightenment
 V - a potion of berserk rage
Miscellaneous
 Q - a phantom mirror
 U - a lightning rod (4/4)


   Skills:
 + Level 16.4 Fighting
 + Level 16.9(17.0) Axes
 + Level 3.3(12.4) Maces & Flails
 + Level 1.3 Throwing
 + Level 13.0 Armour
 + Level 8.6 Dodging
 + Level 3.5 Stealth
 + Level 16.6 Shields


You had 16 spell levels left.
You didn't know any spells.
Your spell library was empty.

Dungeon Overview and Level Annotations

Branches:
Dungeon (15/15)            Temple (0/1) D:4            Lair (5/5) D:10
  Swamp (0/4) Lair:3        Snake (4/4) Lair:3        Slime (0/5) Lair:4
    Orc (2/2) D:11            Elf (0/3) Orc:2        Vaults (0/5) D:14
 Depths (0/4) D:15          IceCv (visited)         Volcano (visited)

Altars:
Ashenzari
Cheibriados
Fedhas
Nemelex Xobeh
Okawaru
Qazlal
Trog
Uskayaw
Wu Jian
Yredelemnul
Zin
The Shining One

Shops:
D:2 =   D:6 *   D:11 [   D:15 =   Orc:2 *([[   Snake:4 ?


Innate Abilities, Weirdness & Mutations

You are immune to sickness and miasma.
Your stone body is resilient. (AC +12)
You are immune to poison.
Your large and strong wings let you fly.
You resist negative energy. (rN+)
You are resistant to electric shocks. (rElec)
You are resistant to unholy torment.
You are immune to petrification.


Message History

The salamander mystic points at the naga warrior and mumbles some strange words.
The naga warrior seems to speed up.
The naga closely misses you.
The nagaraja gestures at you while chanting.
The bolt of poison hits you but does no damage.
You resist.
The naga sharpshooter shoots an arrow.
You block the arrow with an invisible shield... and reflect it back!
The arrow hits the naga sharpshooter!!
You block the naga mage's attack. The naga mage grabs you.
The naga mage constricts you.
The naga mage points at the naga sharpshooter and mumbles some strange words.
The naga sharpshooter's venom grows more potent.
The naga sharpshooter shoots an arrow.
The arrow completely misses you.
The arrow hits the naga mage!!
You feel better.
The naga mage no longer looks unusually strong.
The nagaraja points at you and mumbles some strange words.
The poison arrow hits you! You partially resist.
* * * LOW HITPOINT WARNING * * *
The naga warrior roars a battlecry!
The nagas go into a battle-frenzy!
You block the naga mage's attack. The naga mage constricts you.
* * * LOW HITPOINT WARNING * * *
You block the naga's attack.
The naga warrior hits you with a +0 battleaxe.
* * * LOW HITPOINT WARNING * * *
The naga sharpshooter shoots an arrow.
The arrow hits you but does no damage.
The naga sharpshooter casts a spell.
The naga sharpshooter magically shoots an arrow.
The arrow closely misses you.
The naga sharpshooter shoots an arrow.
The arrow hits you.
* * * LOW HITPOINT WARNING * * *
You are confused.
You feel invigorated. The naga mage spits poison at you.
The splash of poison hits you but does no damage.
You resist. The naga mage constricts you. The naga mage spits poison at you.
The splash of poison misses you.
The splash of poison hits the naga sharpshooter.
The naga misses you.
The naga sharpshooter shoots an arrow.
The arrow hits you!
You die...

.............#.##...
....#.#...#.....#.#
..................####
......###.....$......#
##...........NN....#.##
#############N..##...###
#..)..........#
#....NNN..N...# ###
#....N@NN.....# ..#
#..#.N.NN#....# <.#
#.....NN......# b.#
##..N.N.NN#..## .##
###..N⌠....## b.#
.......... b.#
.......#...? ..#
......#....... .## ..
..N......


You could see 2 nagarajas, 3 naga warriors, 5 naga sharpshooters, a salamander
mystic (strong), 2 naga ritualists, 4 naga magi and 3 nagas.

Vanquished Creatures
  Vashnia (Snake:2)
  Rupert (D:12)
  Mlioglotl (Snake:4)
  3 tentacled starspawn
  A nagaraja (Snake:2)
  Aizul (Snake:4)
  A deep elf sorcerer (Abyss:3)
  An orc warlord (Orc:1)
  An eleionoma (Lair:3)
  A minotaur (Lair:1)
  Azrael (D:14)
  An ettin (Orc:2)
  Josephine (D:13)
  A rakshasa (Abyss:3)
  Harold (Lair:2)
  A vault guard (D:14)
  An ice dragon (Lair:5)
  5 hydras
  2 centaur warriors
  6 anacondas
  An ogre mage (D:15)
  A salamander tyrant (Snake:3)
  A catoblepas (Lair:5)
  10 two-headed ogres
  A dancing weapon (D:14)
  The ghost of Gargoyl the Cleaver, a journeyman GrBe of Trog (Lair:1)
  5 boulder beetles
  3 tengu warriors (D:14)
  A vampire mage (D:15)
  10 naga warriors
  4 death yaks (Lair:4)
  An occultist (Abyss:3)
  A thrashing horror (Abyss:3)
  11 naga sharpshooters
  8 shock serpents
  Sonja (D:13)
  2 skeletal warriors (D:15)
  2 salamander mystics
  Lodul (D:13)
  A spark wasp zombie (D:15)
  2 spatial maelstroms (Abyss:3)
  7 mana vipers
  A storm dragon skeleton (D:15)
  Pikel (D:7)
  A necromancer (D:15)
  An orc knight (Orc:1)
  4 naga ritualists
  6 large abominations (Abyss:3)
  2 deep elf pyromancers
  5 ugly things
  13 salamanders
  3 oklob plants
  17 elephants
  A worldbinder (Abyss:3)
  4 cyclopes
  2 ice statues (IceCv)
  3 guardian serpents
  3 manticores
  An apocalypse crab (Abyss:3)
  32 black mambas
  3 kobold blastminers (Orc:2)
  8 naga magi
  An unseen horror (D:12)
  15 cane toads
  2 gargoyles
  3 rime drakes
  A kobold demonologist (D:11)
  2 freezing wraiths
  A komodo dragon (shapeshifter) (D:15)
  9 komodo dragons
  2 efreet (D:15)
  2 tengu conjurers (D:14)
  2 ancient zymes (Abyss:3)
  5 trolls
  A troll (shapeshifter) (D:15)
  A queen bee (D:10)
  7 polar bears
  5 hornets (Lair:5)
  8 blink frogs
  5 raiju
  A spriggan zombie (D:15)
  18 slime creatures
  12 spriggans (Lair:5)
  An air elemental (Abyss:3)
  2 vampires (D:12)
  A shadow (D:9)
  6 wraiths
  34 yaks
  A human (Lair:1)
  4 fire elementals
  4 wyverns
  5 wargs
  2 water elementals
  7 basilisks
  12 vampire mosquitoes
  2 steam dragons
  Menkaure (D:7)
  A death yak simulacrum (IceCv)
  36 nagas
  A neqoxec (Abyss:3)
  An acid dragon (D:9)
  7 water moccasins
  3 ice beasts (D:6)
  3 hell hounds (D:14)
  The ghost of Lamaleuchte the Shield-Bearer, an amateur TrFi (D:3)
  Pargi (D:3)
  31 orc warriors
  8 laughing skulls
  A sky beast (D:7)
  5 boggarts (Lair:5)
  4 black bears
  15 ogres
  4 small abominations (Abyss:3)
  12 centaurs
  A lemure (D:7)
  43 wolves
  2 weeping skulls (Abyss:3)
  3 kobold brigands
  16 bullfrogs
  A bullfrog (shapeshifter) (D:14)
  4 scorpions
  A cane toad simulacrum (IceCv)
  2 gnoll sergeants (D:9)
  3 wights (D:9)
  An elephant simulacrum (IceCv)
  24 killer bees (D:10)
  6 electric eels
  3 howler monkeys
  4 hounds
  10 orc priests
  3 starcursed masses (Abyss:3)
  5 sleepcaps
  Jessica (D:3)
  3 iguanas
  15 orc wizards
  A polar bear simulacrum (IceCv)
  5 adders
  10 gnolls
  3 white imps
  An ufetubus (Abyss:3)
  A dart slug (D:12)
  51 orcs
  9 bats
  6 endoplasms
  3 giant cockroaches
  5 goblins
  11 hobgoblins
  7 jackals (D:3)
  4 quokkas
  2 ball pythons
  3 frilled lizards
  20 kobolds
  6 rats
  2 starspawn tentacles
838 creatures vanquished.

Vanquished Creatures (collateral kills)
  A red draconian (Volcano)
  A naga warrior (Snake:2)
  A naga sharpshooter (Snake:1)
  A wretched star (Abyss:3)
  Amaemon (Lair:3)
  2 salamanders (Volcano)
  A naga mage (Snake:1)
  A black mamba (Snake:2)
  A guardian serpent (Snake:1)
  An orange demon (Lair:3)
  2 ynoxinuls (Abyss:3)
  2 nagas
  An orc warrior (Orc:2)
  A laughing skull (Abyss:3)
  An orc (Orc:2)
18 creatures vanquished.

Vanquished Creatures (others)
  A naga sharpshooter (Snake:2)
  A salamander mystic (Snake:3)
  A naga mage (Snake:1)
  A tengu conjurer (D:14)
  A polar bear (Lair:5)
  3 nagas
  An orc warrior (Orc:2)
  11 starspawn tentacles
20 creatures vanquished.

Grand Total: 876 creatures vanquished

Notes
Turn   | Place    | Note
-------+----------+-------------------------------------------
     0 | D:1      | Gargoyl the Gargoyle Berserker began the quest for the Orb.
     0 | D:1      | Reached XP level 1. HP: 14/14 MP: 1/1
   217 | D:1      | Reached XP level 2. HP: 19/19 MP: 2/2
   940 | D:2      | Reached XP level 3. HP: 20/24 MP: 3/3
  1001 | D:2      | Reached ** piety under Trog
  1126 | D:2      | Found a bloodstained altar of Trog.
  1248 | D:2      | Found Biugezima's Jewellery Boutique.
  1587 | D:3      | Reached XP level 4. HP: 21/29 MP: 4/4
  1733 | D:3      | Reached XP level 5. HP: 34/34 MP: 5/5
  1838 | D:3      | Found a runed translucent door.
  1886 | D:3      | Noticed Lamaleuchte's ghost (amateur TrFi)
  1911 | D:3      | Killed Lamaleuchte's ghost
  1912 | D:3      | Reached XP level 6. HP: 39/39 MP: 6/6
  1975 | D:3      | Noticed Jessica
  1983 | D:3      | Killed Jessica
  2022 | D:3      | Reached *** piety under Trog
  2319 | D:3      | Noticed Pargi
  2337 | D:3      | Killed Pargi
  2338 | D:3      | Reached skill level 5 in Axes
  2512 | D:4      | Reached XP level 7. HP: 23/44 MP: 7/7
  2600 | D:4      | Found a staircase to the Ecumenical Temple.
  2645 | D:4      | Reached skill level 5 in Fighting
  2739 | D:4      | Found a blossoming altar of Fedhas.
  2741 | D:4      | Found a stormy altar of Qazlal.
  2944 | D:4      | Found a basalt altar of Yredelemnul.
  3031 | D:5      | Entered Level 5 of the Dungeon
  3755 | D:5      | Noticed a steam dragon
  3764 | D:5      | Killed a steam dragon
  3765 | D:5      | Reached skill level 5 in Armour
  3765 | D:5      | Reached XP level 8. HP: 51/51 MP: 8/8
  4306 | D:6      | Noticed a gargoyle
  4320 | D:6      | Killed a gargoyle
  4467 | D:6      | Found a glowing golden altar of the Shining One.
  4801 | D:6      | Reached XP level 9. HP: 18/56 MP: 9/9
  5182 | D:6      | Found Ysmapa's Assorted Antiques.
  5185 | D:6      | Bought a dented sapphire amulet for 130 gold pieces
  5185 | D:6      | Bought a scroll of teleportation for 78 gold pieces
  5553 | D:7      | Noticed a two-headed ogre
  5570 | D:7      | Killed a two-headed ogre
  5571 | D:7      | Reached skill level 1 in Shields
  5623 | D:7      | Noticed Pikel
  5689 | D:7      | Killed Pikel
  5784 | D:7      | Noticed Menkaure
  5791 | D:7      | Killed Menkaure
  5792 | D:7      | Reached XP level 10. HP: 49/63 MP: 10/10
  6591 | D:8      | Reached skill level 10 in Axes
  6665 | D:8      | Found an ornate altar of the Wu Jian Council.
  6693 | D:8      | Found a hide-covered altar of Uskayaw.
  6797 | D:8      | Found a glowing silver altar of Zin.
  6916 | D:8      | Found an iron altar of Okawaru.
  7531 | D:9      | Found a sparkling altar of Nemelex Xobeh.
  7922 | D:9      | Noticed a two-headed ogre
  7930 | D:9      | Killed a two-headed ogre
  8580 | D:9      | Identified the +3 leather armour of the Bulwark {Harm
                  | Int+6}
  8747 | D:9      | Found a broken altar of Ashenzari.
  8778 | D:10     | Entered Level 10 of the Dungeon
  8785 | D:10     | Reached XP level 11. HP: 69/69 MP: 11/11
  8791 | D:10     | Noticed a cyclops
  8799 | D:10     | Killed a cyclops
  8817 | D:10     | Reached skill level 5 in Shields
  9689 | D:10     | Found a staircase to the Lair.
  9819 | D:10     | Found a transporter.
 10262 | Lair:1   | Entered Level 1 of the Lair of Beasts
 10368 | Lair:1   | Identified the +1 rapier "Zeabb" {freeze, *Rage Will+++
                  | SInv}
 10706 | Lair:1   | Reached XP level 12. HP: 61/77 MP: 12/12
 10807 | Lair:1   | Reached **** piety under Trog
 10851 | Lair:1   | Noticed a minotaur
 10851 | Lair:1   | Noticed Gargoyl's ghost (journeyman GrBe)
 11043 | Lair:1   | Found a runed translucent gate.
 11044 | Lair:1   | Found a runed translucent gate.
 11045 | Lair:1   | Found a runed translucent gate.
 11314 | Lair:1   | Found a runed translucent door.
 11314 | Lair:1   | Noticed a tentacled starspawn
 11327 | Lair:1   | Reached skill level 10 in Fighting
 11527 | Lair:1   | Killed a tentacled starspawn
 11629 | Lair:1   | Killed Gargoyl's ghost
 11632 | Lair:1   | Killed a minotaur
 11968 | Lair:2   | Found a glowing golden altar of the Shining One.
 11977 | Lair:2   | Noticed Harold
 11994 | Lair:2   | Killed Harold
 12220 | Lair:2   | Identified the death talisman of the Accordion {+Blink
                  | Str-4 Int+3 Dex+3}
 12311 | Lair:3   | Noticed Amaemon
 12333 | Lair:3   | Killed Amaemon
 12334 | Lair:3   | Reached skill level 1 in Stealth
 12360 | Lair:3   | Noticed a seven-headed hydra
 12373 | Lair:3   | Reached XP level 13. HP: 84/84 MP: 13/13
 12409 | Lair:2   | Reached skill level 1 in Maces & Flails
 12447 | Lair:3   | Reached skill level 10 in Armour
 12711 | Lair:3   | Found a staircase to the Swamp.
 12711 | Lair:3   | Noticed an eleionoma
 12722 | Lair:3   | Killed an eleionoma
 12935 | Lair:3   | Found a staircase to the Snake Pit.
 13621 | Lair:4   | Found a staircase to the Slime Pits.
 13693 | Lair:4   | Reached skill level 10 in Shields
 14392 | Lair:4   | Gained mutation: Your large and strong wings let you fly.
                  | [Gargoyle growth]
 14392 | Lair:4   | Reached XP level 14. HP: 49/92 MP: 14/14
 14723 | Lair:5   | Entered Level 5 of the Lair of Beasts
 14875 | Lair:5   | Found a frozen archway.
 14922 | IceCv    | Entered an ice cave
 14933 | IceCv    | Reached skill level 5 in Dodging
 14935 | IceCv    | Found a transporter.
 14986 | IceCv    | Found a transporter.
 16081 | Lair:5   | Reached ***** piety under Trog
 16389 | Lair:5   | Reached skill level 15 in Axes
 17409 | D:11     | Found a staircase to the Orcish Mines.
 17409 | D:11     | Found Diun Jap's Armour Emporium.
 18158 | D:12     | Received a gift from Trog
 18160 | D:12     | Noticed Rupert
 18160 | D:12     | Paralysed by Rupert for 4 turns
 18191 | D:12     | Killed Rupert
 18192 | D:12     | Reached XP level 15. HP: 49/99 MP: 15/15
 18849 | D:12     | Found a snail-covered altar of Cheibriados.
 19256 | D:13     | Noticed Sonja
 19274 | D:13     | Killed Sonja
 19435 | D:13     | Noticed Lodul
 19447 | D:13     | Killed Lodul
 19602 | D:13     | Noticed Josephine
 19618 | D:13     | Killed Josephine
 20181 | D:14     | Found a gate to the Vaults.
 20592 | D:14     | Noticed Azrael
 20618 | D:14     | Killed Azrael
 21761 | D:15     | Entered Level 15 of the Dungeon
 21814 | Abyss:3  | Cast into level 3 of the Abyss (unwielding a weapon of
                  | distortion)
 21819 | Abyss:3  | Noticed a tentacled starspawn
 22385 | Abyss:3  | Paralysed by accursed screaming for 1 turns
 22476 | Abyss:3  | Found a corrupted altar of Lugonu.
 22531 | Abyss:3  | Noticed a tentacled starspawn
 22543 | Abyss:3  | Killed a tentacled starspawn
 22642 | Abyss:3  | Noticed a deep elf sorcerer
 22679 | Abyss:3  | Killed a deep elf sorcerer
 22784 | Abyss:3  | Noticed a tentacled starspawn
 22802 | Abyss:3  | Reached XP level 16. HP: 83/107 MP: 16/16
 22803 | Abyss:3  | Killed a tentacled starspawn
 22816 | D:15     | Escaped the Abyss
 22930 | D:15     | Found a staircase to the Depths.
 23371 | D:15     | Identified the +2 robe of the Butcher {rF+}
 23692 | D:15     | Reached skill level 15 in Fighting
 23694 | D:15     | Found Todisch's Jewellery Shop.
 23902 | D:15     | Found a blossoming altar of Fedhas.
 24234 | Orc:1    | Entered Level 1 of the Orcish Mines
 24378 | Orc:1    | Found a dark tunnel.
 24445 | Volcano  | Entered a volcano
 25068 | Orc:2    | Entered Level 2 of the Orcish Mines
 25193 | Orc:2    | Found a staircase to the Elven Halls.
 25670 | Orc:2    | Found Robosaf's Armour Shop.
 25670 | Orc:2    | Found Emuplowe's Antique Weapon Emporium.
 25680 | Orc:2    | Found Iblaf's Assorted Antiques.
 25692 | Orc:2    | Found Umacoir's Antique Armour Boutique.
 25830 | Orc:2    | Bought a shiny buckler for 225 gold pieces
 26206 | Snake:1  | Entered Level 1 of the Snake Pit
 27036 | Snake:2  | Reached skill level 15 in Shields
 27349 | Snake:2  | Reached XP level 17. HP: 76/113 MP: 17/17
 27679 | Snake:2  | Noticed Vashnia
 27757 | Snake:2  | HP: 4/115 [naga sharpshooter/bolt[Vashnia] (20)]
 28534 | Snake:2  | Killed Vashnia
 28549 | Snake:2  | HP: 5/115 [naga sharpshooter/arrow[Vashnia] (8)]
 29113 | Snake:3  | Reached skill level 1 in Throwing
 29769 | Snake:4  | Entered Level 4 of the Snake Pit
 29810 | Snake:4  | Found a gateway to a bazaar.
 29871 | Bazaar   | Entered a bazaar
 29871 | Bazaar   | Found Ceudd's Magic Scroll Emporium.
 29871 | Bazaar   | Found Dimili's Magic Scroll Shop.
 29871 | Bazaar   | Found Ifik Roc's Distillery.
 29871 | Bazaar   | Found Amoturuh's Book Shop.
 29893 | Bazaar   | Found Ohuchini's Magic Scroll Shoppe.
 29893 | Bazaar   | Found Feosk's Armour Boutique.
 29898 | Bazaar   | Bought a potion of heal wounds for 50 gold pieces
 29912 | Bazaar   | Bought a scroll of enchant weapon for 75 gold pieces
 29912 | Bazaar   | Bought a scroll of enchant armour for 75 gold pieces
 29917 | Bazaar   | Bought a scroll of fear for 64 gold pieces
 29917 | Bazaar   | Bought a scroll of fear for 64 gold pieces
 29917 | Bazaar   | Bought a scroll of enchant armour for 120 gold pieces
 29917 | Bazaar   | Bought a scroll of enchant weapon for 120 gold pieces
 29917 | Bazaar   | Bought a scroll of enchant weapon for 120 gold pieces
 29920 | Bazaar   | Bought a potion of ambrosia for 80 gold pieces
 29920 | Bazaar   | Bought 2 potions of ambrosia for 160 gold pieces
 29920 | Bazaar   | Bought a potion of resistance for 100 gold pieces
 29924 | Bazaar   | Bought a scroll of teleportation for 27 gold pieces
 29924 | Bazaar   | Bought a scroll of enchant weapon for 67 gold pieces
 29924 | Bazaar   | Bought a scroll of teleportation for 27 gold pieces
 29924 | Bazaar   | Bought a scroll of teleportation for 27 gold pieces
 29924 | Bazaar   | Bought a scroll of teleportation for 27 gold pieces
 30062 | Snake:4  | Found Paicu's Magic Scroll Boutique.
 30079 | Snake:4  | Bought a scroll of enchant weapon for 112 gold pieces
 30079 | Snake:4  | Bought a scroll of enchant armour for 112 gold pieces
 30116 | Snake:4  | Noticed Mlioglotl
 30116 | Snake:4  | Identified the serpent talisman of Mugrie {*Corrode Dex+8}
 30116 | Snake:4  | Noticed Aizul
 30135 | Snake:4  | Killed Mlioglotl
 30154 | Snake:4  | Killed Aizul
 30196 | Snake:4  | HP: 2/116 [naga sharpshooter/arrow (16)]
 30202 | Snake:4  | Shot with an arrow by a naga sharpshooter

Illustrated notes

Levels and vault maps discovered:
D:1:      nzn_arrival_crosshair, layout_basic
D:2:      layout_basic, basic_altar, serial_shops, nicolae_shop_hallway_stairs,
          minivault_14, minivault_26, minmay_misc_feat_roman,
          minmay_misc_feat_tiny
D:3:      layout_basic, ebering_ghost_sewer_d, roderic_batcave, uniq_jessica,
          uniq_pargi
D:4:      layout_rooms, grunt_temple_overflow_forces_of_nature, kennysheep_mini,
          minmay_temple_entry_gardened_gates
D:5:      layout_gridville, corexii_item_surrounded_by_moat
D:6:      layout_gridville, mainiacjoe_overflow_cross_hatched, serial_shops,
          kennysheep_mini_moat
D:7:      layout_basic, uniq_pikel, uniq_menkaure
D:8:      layout_loops_ring, okawaru_gym_becter, mainiacjoe_overflow_alcove_1,
          mainiacjoe_overflow_big_doors
D:9:      nicolae_cairo_tiling_large, layout_stronghold,
          nemelex_spade_bored_becter, kennysheep_little_box, grunt_tough_drop
D:10:     layout_roguey [special_room_bee], erik_lair_dragon,
          nicolae_diode_basic
D:11:     layout_roguey, orc_david_3
D:12:     layout_irregular_city, amcnicky_mini_pool_small, drop_trap,
          grunt_decor_junction, kennysheep_slug_shrine, uniq_rupert
D:13:     layout_cave_pools, uniq_sonja, uniq_josephine, uniq_lodul
D:14:     layout_basic, erik_vaults_1, nicolae_twisty_statue_hallways,
          chequers_serial_rivers_micro_e, uniq_azrael
D:15:     gammafunk_depths_entry_grave, layout_gridville, columned_hall_lemuel,
          serial_shops, nicolae_shop_crystal, nicolae_eternal_life,
          minivault_10, tgw_fedhas
Lair:1:   layout_gridlike, maelrawn_ghost_gauntlet_escape,
          pdpol_lair_cabin_in_the_woods
Lair:2:   layout_misc_corridors, basic_altar, minivault_26, uniq_harold
Lair:3:   layout_loops_ring, alex1729_swamp_entry_worm_eleionoma,
          guppyfry_snake_entry_garden, uniq_amaemon
Lair:4:   layout_regular_city, minmay_slime_entry_oklob_open
Lair:5:   minmay_lair_end_enchanted_forest, layout_cave_pods,
          portal_ice_cave_entry_animals_and_master
Snake:1:  layout_rooms
Snake:2:  layout_concentric_octagons, uniq_vashnia
Snake:3:  layout_rooms, grunt_megastairs_1
Snake:4:  snake_pit, layout_rooms, serial_shops, bzr_entry_dummy,
          minmay_shop_star, uniq_aizul, uniq_mlioglotl
Orc:1:    layout_diamond_mine, enter_volcano_4
Orc:2:    st_orc_rangers, layout_diamond_mine

Skill      XL: |  1  2  3  4  5  6  7  8  9 10 11 12 13 14 15 16 17 |
---------------+----------------------------------------------------+-----
Axes           | 3 4 5 6 7 9 11 12 13 14 15 16 | 16.9
Fighting       | 4 5 6 7 8 9 10 12 13 14 15 16 | 16.4
Armour         | 3 4 5 6 7 8 9 10 11 12 13 | 13.0
Dodging        | 2 3 4 6 7 8 |  8.6
Shields        | 2 4 6 8 10 12 13 15 16 | 16.6
Stealth        | 1 3 |  3.5
Maces & Flails | 3 |  3.3
Throwing       | 1 |  1.3

Action                     |  1- 3 |  4- 6 |  7- 9 | 10-12 | 13-15 | 16-18 || total
---------------------------+-------+-------+-------+-------+-------+-------++-------
  Melee: Hand axe          |   118 |   117 |   470 |   277 |  1577 |  1090 ||  3649
         Punch             |     3 |     3 |    27 |       |       |       ||    33
         War axe           |       |       |       |   450 |    57 |       ||   507
         Flail             |       |       |       |     3 |    52 |       ||    55
         Broad axe         |       |       |       |       |       |    80 ||    80
  Throw: Dart              |       |       |       |       |     1 |    10 ||    11
 Invoke: Berserk           |     1 |     4 |     6 |    20 |    21 |    14 ||    66
         Trog's Hand       |       |     2 |     5 |     9 |    17 |    16 ||    49
         Brothers in Arms  |       |       |       |     1 |     1 |    10 ||    12
    Use: Scroll            |     1 |       |     7 |     6 |    14 |    31 ||    59
         Potion            |       |       |     2 |       |     2 |    12 ||    16
   Stab: Petrified         |       |       |       |       |     4 |       ||     4
         Distracted        |       |       |       |       |       |     1 ||     1
 Armour: Animal skin       |    34 |       |       |       |       |       ||    34
         Plate armour      |    74 |   173 |   366 |   429 |       |       ||  1042
         Scale mail        |       |       |       |    86 |   875 |   630 ||  1591
  Dodge: Dodged            |    62 |    50 |   188 |   400 |   896 |   648 ||  2244
  Block: Buckler           |       |       |    41 |   489 |   913 |   872 ||  2315
         Other             |       |       |    11 |       |       |       ||    11
         Reflection        |       |       |       |     4 |    14 |   143 ||   161

Table legend: (Time is in decaauts)
 A = Elapsed time spent in this place.
 B = Non-inter-level travel time spent in this place.
 C = Inter-level travel time spent in this place.
 D = Time resting spent in this place.
 E = Time spent auto-exploring this place.
 F = Levels seen in this place.
 G = Mean time per level.
                   A        B        C        D        E       F      G
               +--------+--------+--------+--------+--------+-----+--------+
         Total |  29660 |  28234 |   1426 |   3403 |  17652 |  30 |  988.7 |
       Dungeon |  16339 |  15353 |    986 |   1216 |  10610 |  15 | 1089.3 |
          Lair |   6616 |   6317 |    299 |    733 |   4037 |   5 | 1323.2 |
     Snake Pit |   3726 |   3650 |     76 |    881 |   1726 |   4 |  931.5 |
  Orcish Mines |   1357 |   1293 |     64 |      0 |    820 |   2 |  678.5 |
         Abyss |    939 |    939 |      0 |    474 |    164 |   1 |  939.0 |
        Bazaar |     67 |     67 |      0 |     20 |     18 |   1 |   67.0 |
      Ice Cave |    230 |    230 |      0 |     77 |     11 |   1 |  230.0 |
       Volcano |    382 |    382 |      0 |      0 |    265 |   1 |  382.0 |
               +--------+--------+--------+--------+--------+-----+--------+

Top non-repeatable levels by time:
  Lair:5: 1936 daAuts
    D:10: 1633 daAuts
    D:14: 1606 daAuts
  Lair:1: 1573 daAuts
 Snake:2: 1459 daAuts
     D:9: 1443 daAuts
  Lair:4: 1400 daAuts
    D:15: 1363 daAuts
    D:12: 1289 daAuts
 Snake:3: 1244 daAuts
     D:5: 1238 daAuts
     D:6: 1229 daAuts
  Lair:3: 1073 daAuts
     D:3: 1023 daAuts
 Abyss:3: 939 daAuts
